[Event "Team 45 45 League T35"]
[Site "Internet Chess Club"]
[Date "2007.11.01"]
[Round "3"]
[White "thalamus"]
[Black "johnpawn"]
[Result "1-0"]
[WhiteElo "1436"]
[BlackElo "1297"]
[Opening "Caro-Kann: Panov-Botvinnik attack, 5...e6"]
[ECO "B14"]
[Time "23:13:21"]
[TimeControl "2700+45"]

1. e4 c6 2. d4 d5 3. exd5 cxd5 4. c4 Nf6 5. Nc3 e6 6. Nf3 Nc6 7. c5 Be7 8. Bd3
O-O 9. O-O Bd7 10. a3 Qc7 11. Re1 a5 12. Nb5 Qb8 13. Qc2 b6 14. Ne5 g6 15. Bf4
Nxe5 16. Bxe5 Qb7 17. b4 bxc5 18. Nd6 Bxd6 19. Bxd6 Rfc8 20. dxc5 axb4 21. Qb2
Ra4 22. Qxf6 Rxa3 23. Be5 Kf8 24. Qh8+ {Black resigns} 1-0

[Event "Team 45 45 League T35"]
[Site "Internet Chess Club"]
[Date "2007.10.31"]
[Round "3"]
[White "reverendjim"]
[Black "moreffee"]
[Result "1/2-1/2"]
[WhiteElo "1219"]
[BlackElo "1340"]
[Opening "Benoni defense"]
[ECO "A56"]
[Time "16:32:41"]
[TimeControl "2700+45"]

1. d4 Nf6 2. c4 c5 3. d5 g6 4. Nc3 Bg7 5. Nf3 d6 6. e4 Bg4 7. h3 Bxf3 8. Qxf3
Nbd7 9. Qd1 O-O 10. Be2 Ne5 11. O-O e6 12. Bg5 h6 13. Bh4 a6 14. f4 Ned7 15. a4
Qc7 16. Bg3 e5 17. Bd3 Nh5 18. Bh2 exf4 19. Bxf4 Nxf4 20. Rxf4 Be5 21. Rf1 Bd4+
22. Kh1 Ne5 23. Qd2 Kg7 24. Ne2 Nxd3 25. Nxd4 Ne5 26. Nf3 Nxc4 27. Qc3+ f6 28.
Qxc4 Rae8 29. Rae1 Rf7 30. g4 Qd7 31. b3 h5 32. Rg1 hxg4 33. Nh4 Rh8 34. Rxg4 g5
35. Nf5+ Kf8 36. Qf1 Rfh7 {Game drawn by mutual agreement} 1/2-1/2

[Event "Team 45 45 League T35"]
[Site "Internet Chess Club"]
[Date "2007.11.03"]
[Round "3"]
[White "NineteenHockey"]
[Black "cobbler"]
[Result "1-0"]
[WhiteElo "1045"]
[BlackElo "1191"]
[Opening "French: exchange variation"]
[ECO "C01"]
[Time "14:00:52"]
[TimeControl "2700+45"]

1. e4 e6 2. d4 d5 3. exd5 exd5 4. Nf3 Nf6 5. Be2 Be7 6. Nc3 O-O 7. O-O Nbd7 8.
Bf4 b6 9. Ne5 Nxe5 10. dxe5 Ne4 11. Nxd5 Bb7 12. Nxe7+ Qxe7 13. Bf3 Rad8 14. Qe1
Nc5 15. Bxb7 Nxb7 16. Rd1 Rxd1 17. Qxd1 Qb4 18. Qc1 Nc5 19. b3 Ne6 20. Bd2 Qc5
21. Re1 Qc6 22. a3 Nd4 23. Bb4 Re8 24. g3 Qb5 25. Qd1 Nc6 26. Bc3 Rd8 27. Qf3 h6
28. a4 Qd5 29. Qxd5 Rxd5 30. Kg2 Rc5 31. Re3 Kf8 32. b4 Rd5 33. b5 Nd4 34. Rd3
Nxb5 35. Rxd5 Nxc3 36. Rd4 Ke7 37. Rc4 Nd5 38. Kf3 f6 39. exf6+ Kxf6 40. Ke4 Ke6
41. Rc6+ {Black resigns} 1-0

[Event "Team 45 45 League T35"]
[Site "Internet Chess Club"]
[Date "2007.11.04"]
[Round "3"]
[White "Traho"]
[Black "fuzzface"]
[Result "1-0"]
[WhiteElo "1343"]
[BlackElo "1321"]
[Opening "Philidor: Nimzovich (Jaenisch) variation"]
[ECO "C41"]
[Time "09:15:11"]
[TimeControl "2700+45"]

1. e4 e5 2. Nf3 d6 3. d4 Nf6 4. Bg5 Be7 5. Nc3 O-O 6. h3 h6 7. Bh4 c6 8. dxe5
dxe5 9. Nxe5 Qxd1+ 10. Rxd1 Bb4 11. Bxf6 gxf6 12. Ng4 Kg7 13. Rd3 f5 14. Ne5
fxe4 15. Re3 f5 16. f4 exf3 17. Nxf3 b5 18. Rd3 a5 19. a3 Bxc3+ 20. Rxc3 b4 21.
Rc5 Re8+ 22. Kf2 bxa3 23. bxa3 Ra7 24. Nd4 Kf6 25. Nxc6 Nxc6 26. Rxc6+ Kg7 27.
Bd3 Bb7 28. Rc7+ Kf6 29. Re1 Rc8 30. Ree7 Rxc7 31. Rxc7 Ra8 32. Rxb7 Rc8 33. Rb5
a4 34. Rxf5+ Kg7 35. Rf4 Rf8 36. Rxf8 Kxf8 37. Bb5 {Black resigns} 1-0

[Event "Team 45 45 League T35"]
[Site "Internet Chess Club"]
[Date "2007.11.04"]
[Round "3"]
[White "klt713"]
[Black "Conjurer"]
[Result "0-1"]
[WhiteElo "1242"]
[BlackElo "1428"]
[Opening "Nimzo-Indian defense"]
[ECO "E20"]
[Time "13:10:02"]
[TimeControl "2700+45"]

1. d4 Nf6 2. c4 e6 3. Nc3 Bb4 4. Bd2 O-O 5. Nf3 c5 6. e4 Bxc3 7. bxc3 Nxe4 8.
Bd3 Nxd2 9. Qxd2 b6 10. O-O Nc6 11. Rfe1 cxd4 12. cxd4 Qf6 13. Be4 Rb8 14. Ne5
Na5 15. Rac1 d6 16. Nc6 Nxc6 17. Bxc6 Bb7 18. d5 Bxc6 19. dxc6 Qe7 20. Qd3 Qc7
21. Re3 Qxc6 22. Rh3 g6 23. Qg3 f5 24. Qg5 Rb7 25. Qh6 Qc5 26. Rh4 Qe5 27. Kf1
Qf6 28. Rd1 e5 29. Rh3 g5 30. Qh5 Qg6 31. Qxg6+ hxg6 32. Rxd6 Kg7 33. Rhd3 Rf6
34. Rd7+ Rxd7 35. Rxd7+ Rf7 36. Rxf7+ Kxf7 37. Ke2 Ke6 38. Kd3 Kd6 39. f3 Kc5
40. g3 b5 41. cxb5 Kxb5 42. h4 gxh4 43. gxh4 a5 44. Ke3 Kc5 45. f4 e4 46. Ke2
Kc4 47. Kd2 Kd4 48. a3 a4 49. Ke2 Kc3 50. Ke3 Kb3 51. Kd2 Kxa3 52. Ke2 Kb2
{White resigns} 0-1

[Event "Team 45 45 League T35"]
[Site "Internet Chess Club"]
[Date "2007.11.02"]
[Round "3"]
[White "guyd52"]
[Black "jschneigi"]
[Result "1-0"]
[WhiteElo "1197"]
[BlackElo "1288"]
[Opening "Réti: King's Indian attack (Barcza system)"]
[ECO "A07"]
[Time "21:34:51"]
[TimeControl "2700+45"]

1. g3 d5 2. Nf3 Nf6 3. Bg2 Nc6 4. d3 e5 5. O-O h6 6. Nbd2 Bc5 7. a3 a5 8. b3 O-O
9. Bb2 Re8 10. Re1 Bg4 11. e4 Bd4 12. Qc1 Bxf3 13. Bxf3 Bxb2 14. Qxb2 d4 15. Bg2
b6 16. Nf3 Ng4 17. h3 Nf6 18. Rac1 Qd6 19. c3 a4 20. cxd4 axb3 21. dxe5 Nxe5 22.
d4 Nd3 23. e5 Qd8 24. Qxb3 Nxc1 25. Rxc1 Qd5 26. Qb4 Nd7 27. Nd2 c5 28. dxc5
Qxe5 29. Bxa8 Nxc5 30. Qxb6 Nd3 31. Nc4 Qh5 32. Qc6 Re6 33. Qf3 Qxf3 34. Bxf3
Nxc1 35. a4 Ra6 36. Bd1 Rc6 37. Ne3 Rc5 38. Kf1 Rh5 39. h4 g5 40. Bxh5 Nb3 41.
Bd1 Na5 42. Bc2 f6 43. hxg5 hxg5 44. Bd3 Kg7 45. Nc4 Nc6 46. a5 Kf7 47. a6 Ke7
48. Ne3 Kd6 49. Ng4 Kc7 50. Nxf6 Kb6 51. Nh7 Nb4 52. Be2 g4 53. Nf6 Nxa6 54.
Bxa6 Kxa6 55. Nxg4 Kb6 56. Ke2 Kc6 57. Ke3 Kd6 58. Ke4 Ke6 59. f4 Kf7 60. Ne5+
Kf6 61. g4 Ke6 62. g5 Ke7 63. f5 Kf8 64. g6 Kg7 65. Nd7 Kg8 66. Kf4 Kg7 67. Kg5
Kg8 68. f6 Kh8 69. f7 Kg7 70. f8=Q# {Black checkmated} 1-0

[Event "Team 45 45 League T35"]
[Site "Internet Chess Club"]
[Date "2007.11.04"]
[Round "3"]
[White "ffplayer"]
[Black "wekabird"]
[Result "1/2-1/2"]
[WhiteElo "1123"]
[BlackElo "1196"]
[Opening "QGD: semi-Slav"]
[ECO "D10"]
[Time "22:16:43"]
[TimeControl "2700+45"]

1. d4 d5 2. c4 c6 3. Nc3 e6 4. Nf3 Be7 5. e4 dxe4 6. Nxe4 Bb4+ 7. Nc3 Nf6 8. Bg5
Nbd7 9. Rc1 O-O 10. a3 Bxc3+ 11. Rxc3 h6 12. Bh4 Qc7 13. Bd3 Re8 14. Bg3 Qd8 15.
O-O Kh8 16. Bc2 b5 17. cxb5 cxb5 18. Be5 Nd5 19. Rd3 Nxe5 20. Nxe5 b4 21. Nxf7+
Kg8 22. Nxd8 Rxd8 23. axb4 Ba6 24. Re1 Bxd3 25. Bxd3 Nf4 26. Bc4 Re8 27. g3 Nd5
28. Bxd5 exd5 29. Rxe8+ Rxe8 30. Qb3 Rd8 31. b5 Kf7 32. b6 axb6 33. Qxb6 Rd7 34.
Qa5 Kf6 35. b4 Kf5 36. b5 Ke4 37. Qa1 Rb7 38. Qb2 Kd3 39. Qb3+ Kxd4 40. Qe3+ Kc4
41. b6 d4 42. Qc1+ Kd5 43. Qb2 Kc5 44. Kf1 Rxb6 45. Qa3+ Rb4 46. Ke2 Kc4 47.
Qd3+ Kd5 48. Kf3 Rc4 49. Qe4+ Kc5 50. Qe5+ Kb4 51. Ke4 Kc3 52. Qa5+ Kc2 53. Qa2+
Kc3 54. Qa1+ Kd2 55. Qxd4+ Rxd4+ 56. Kxd4 Ke2 57. f4 Kf3 58. Ke5 Kg4 59. f5 Kh3
60. Kf4 Kxh2 61. g4 Kh3 62. Kf3 Kh4 63. Kf4 Kh3 64. g5 hxg5+ 65. Kxg5 Kg3 66.
Kg6 Kf4 67. Kxg7 Kxf5 {Game drawn because neither player has mating material}
1/2-1/2

[Event "Team 45 45 League T35"]
[Site "Internet Chess Club"]
[Date "2007.11.03"]
[Round "3"]
[White "Duguesclin"]
[Black "GrandPoobah069"]
[Result "1-0"]
[WhiteElo "1655"]
[BlackElo "1694"]
[Opening "Benoni defense"]
[ECO "A56"]
[Time "17:01:59"]
[TimeControl "2700+45"]

1. d4 Nf6 2. c4 c5 3. e3 e6 4. Nf3 Be7 5. Be2 O-O 6. d5 Qc7 7. Nc3 a6 8. e4 d6
9. O-O Nbd7 10. dxe6 fxe6 11. Ng5 Ne5 12. f4 Nc6 13. Be3 b6 14. Bg4 Nxg4 15.
Qxg4 Bxg5 16. Qxg5 Qe7 17. Qg3 Bb7 18. Rad1 Rad8 19. f5 Nd4 20. Bg5 Qd7 21. fxe6
Qxe6 22. Bxd8 Rxd8 23. Rde1 Qxc4 24. Qg5 Re8 25. Qf4 Qe6 26. Nd5 Rb8 27. Qg5 Rf8
28. Rxf8+ Kxf8 29. Qd8+ Kf7 30. Rf1+ {Black resigns} 1-0

[Event "Team 45 45 League T35"]
[Site "Internet Chess Club"]
[Date "2007.11.02"]
[Round "3"]
[White "RingLord"]
[Black "RD1974"]
[Result "1-0"]
[WhiteElo "1532"]
[BlackElo "1597"]
[Opening "Scandinavian: Pytel-Wade variation"]
[ECO "B01"]
[Time "11:01:25"]
[TimeControl "2700+45"]

1. e4 d5 2. exd5 Qxd5 3. Nc3 Qd6 4. d4 Nf6 5. Nf3 a6 6. g3 Bg4 7. Bg2 Nc6 8. O-O
e6 9. Bf4 Qd7 10. h3 Bh5 11. g4 Bg6 12. Ne5 Qxd4 13. Bxc6+ bxc6 14. Qxd4 c5 15.
Qa4+ {Black resigns} 1-0

[Event "Team 45 45 League T35"]
[Site "Internet Chess Club"]
[Date "2007.11.06"]
[Round "3"]
[White "clarinetref"]
[Black "okun"]
[Result "1-0"]
[WhiteElo "1659"]
[BlackElo "1477"]
[Opening "Réti: King's Indian attack"]
[ECO "A05"]
[Time "16:02:21"]
[TimeControl "2700+45"]

1. Nf3 Nf6 2. g3 g6 3. Bg2 Bg7 4. d3 O-O 5. Nbd2 d6 6. O-O e5 7. e4 Nc6 8. c3 d5
9. Re1 Re8 10. Qc2 Qe7 11. b3 Bd7 12. a4 Qd6 13. Ng5 Bg4 14. Ba3 Qd8 15. h3 Bd7
16. b4 h6 17. Ngf3 Be6 18. b5 Ne7 19. Nxe5 Nd7 20. Nef3 dxe4 21. dxe4 c6 22. Nd4
Nf8 23. N2b3 cxb5 24. axb5 Rc8 25. Rad1 Qc7 26. Bb4 Bd7 27. Nc5 Qb6 28. Nxd7
Nxd7 29. Qe2 Ne5 30. Kh2 Kh7 31. Nb3 Ng8 32. Bc5 Qc7 33. Bd6 Qxc3 34. Bxe5 Bxe5
35. Rd3 Qc4 36. Qf3 Qe6 37. h4 Nf6 38. Bh3 Qe7 39. Bxc8 Rxc8 40. Rc1 Re8 41. Kg2
Bd6 42. Re3 Qd7 43. Qxf6 Re6 44. Qf3 Kg7 45. Qe2 b6 46. Rd1 Qb7 47. Nd4 Rf6 48.
f3 Bc5 49. e5 Re6 50. Nxe6+ fxe6 51. Red3 Kg8 52. Rd8+ Bf8 53. Qd3 Qc7 54. Qxg6+
Qg7 55. Qxe6+ Kh7 56. R1d7 Kh8 57. Rxg7 Kxg7 58. Qf6+ Kh7 59. Rd7+ Kg8 60. Qg6+
Kh8 61. Rh7# {Black checkmated} 1-0

[Event "Team 45 45 League T35"]
[Site "Internet Chess Club"]
[Date "2007.11.05"]
[Round "3"]
[White "Dostoy"]
[Black "Aquaman"]
[Result "1-0"]
[WhiteElo "1512"]
[BlackElo "1411"]
[Opening "Queen's pawn game"]
[ECO "D04"]
[Time "13:03:31"]
[TimeControl "2700+45"]

1. d4 Nf6 2. Nf3 d5 3. e3 c5 4. b3 Nc6 5. Nbd2 cxd4 6. exd4 e6 7. Bd3 Bb4 8. O-O
Bc3 9. Rb1 Nxd4 10. Nxd4 Bxd4 11. Nf3 Bb6 12. Bb2 O-O 13. Ne5 a6 14. Qf3 Bc7 15.
Qh3 g6 16. Rbe1 d4 17. Bc1 Qd5 18. f4 Qd8 19. Rf3 Nd5 20. Rg3 f5 21. Nxg6 hxg6
22. Rxg6+ Kf7 23. Qh7+ Ke8 24. Rgxe6+ Bxe6 25. Rxe6+ Ne7 26. Ba3 Rf7 27. Qh8+
Kd7 28. Qh6 Kc8 29. Qg5 Nd5 30. Qg6 Qd7 31. Bxf5 Rxf5 32. Qxf5 Bxf4 33. Re8+ Kc7
34. Qxd7+ Kxd7 35. Rxa8 Kc6 36. Bb2 Be3+ 37. Kf1 Nb4 38. Rc8+ Kb6 39. Rc4 Nc6
40. Ke2 a5 41. c3 Bg1 42. cxd4 Kb5 43. d5 Nb4 44. a3 Nxd5 45. h4 Bh2 46. g4 Bg3
47. h5 Bf4 48. Rd4 Kc5 49. Rc4+ Kd6 50. Kf3 Bh6 51. Ke4 Nb6 52. Be5+ Ke6 53. Rc7
Nd7 54. Bf4 Nf6+ 55. Kf3 Bxf4 56. Rxb7 Bd2 57. a4 Bb4 58. Rc7 Nd5 59. Rc1 Kf6
60. Rd1 Nc3 61. Rh1 Kg7 62. h6+ Kh7 63. g5 Bf8 64. Kg4 Ne4 65. g6+ Kxg6 66. h7
Bg7 67. h8=Q Bxh8 68. Rxh8 Nc5 69. Rb8 Kf6 70. Rb5 Nd3 71. Rxa5 Ke6 72. Ra8 Ne5+
73. Kf4 Nd3+ 74. Ke3 Nc5 75. a5 Nxb3 76. a6 Na5 77. Rc8 Kd7 78. Rc1 Nc6 79. Kd2
Na7 80. Kc3 Kc6 81. Rb1 Kc5 82. Rb7 Nb5+ 83. Rxb5+ {Black resigns} 1-0

[Event "Team 45 45 League T35"]
[Site "Internet Chess Club"]
[Date "2007.11.05"]
[Round "3"]
[White "jazzyrick"]
[Black "Chess2Play"]
[Result "1-0"]
[WhiteElo "1610"]
[BlackElo "1669"]
[Opening "Sicilian: accelerated fianchetto, Maróczy bind, 5...Bg7"]
[ECO "B37"]
[Time "23:03:04"]
[TimeControl "2700+45"]

1. e4 c5 2. Nf3 Nc6 3. d4 cxd4 4. Nxd4 g6 5. c4 Bg7 6. Nc2 Nf6 7. Nc3 d6 8. Be2
O-O 9. O-O Be6 10. Bf4 Na5 11. Na3 Rc8 12. b3 a6 13. Qd2 Re8 14. Rad1 Nd7 15. h3
b5 16. Nd5 bxc4 17. Bxc4 Nxc4 18. Nxc4 Nc5 19. Rfe1 Bxd5 20. Qxd5 Ne6 21. Bg3
Nc7 22. Qd3 Nb5 23. e5 dxe5 24. Qxd8 Rcxd8 25. Rxd8 Rxd8 26. Nxe5 Nc3 27. a4 Rd5
28. Nc6 e6 29. Ne7+ {Black resigns} 1-0

[Event "Team 45 45 League T35"]
[Site "Internet Chess Club"]
[Date "2007.11.03"]
[Round "3"]
[White "rom1"]
[Black "Ziah"]
[Result "0-1"]
[WhiteElo "1577"]
[BlackElo "1639"]
[Opening "QGD: exchange, positional line, 6.Qc2"]
[ECO "D36"]
[Time "06:19:40"]
[TimeControl "2700+45"]

1. d4 d5 2. c4 e6 3. Nc3 Nf6 4. cxd5 exd5 5. Bg5 c6 6. Qc2 Be7 7. e3 Nbd7 8. Bd3
O-O 9. Nge2 Re8 10. O-O Nf8 11. Rab1 h6 12. Bh4 Qc7 13. Bxf6 Bxf6 14. Nxd5 Qd6
15. Nxf6+ Qxf6 16. b4 Ne6 17. a4 Ng5 18. Ng3 Be6 19. Nh5 Qe7 20. Nf4 Bd7 21. Bf5
Bxf5 22. Qxf5 Ne4 23. Rb2 Rad8 24. Qg4 Rd6 25. Rc1 Rf6 26. b5 cxb5 27. Nd5 Qa3
28. Rcb1 Rg6 29. Qd7 Rge6 30. Qxb5 Rb8 31. Qb4 Qxb4 32. Rxb4 b6 33. Rc1 Rd8 34.
Nf4 Rf6 35. Rc2 Rd7 36. Rbc4 Rdd6 37. Nd3 a5 38. f3 Ng5 39. e4 Rg6 40. Nf4 Nxf3+
41. Kf2 Nxd4 42. Rd2 Nc6 43. Rxd6 Rxd6 44. Nd5 Ne5 45. Rc8+ Kh7 46. Rb8 Nd3+ 47.
Ke2 Nc5 48. Nxb6 Nxe4 49. Nc4 Rd4 50. Nxa5 Rxa4 51. Nc6 f6 52. Rb2 Nc3+ 53. Kf3
Ra3 54. Kf2 Nd1+ {White resigns} 0-1

[Event "Team 45 45 League T35"]
[Site "Internet Chess Club"]
[Date "2007.11.03"]
[Round "3"]
[White "jacknor"]
[Black "Toalla"]
[Result "1-0"]
[WhiteElo "1644"]
[BlackElo "1267"]
[Opening "King's Indian: Makagonov system (5.h3)"]
[ECO "E71"]
[Time "12:55:35"]
[TimeControl "2700+45"]

1. d4 Nf6 2. c4 g6 3. Nc3 Bg7 4. e4 d6 5. h3 O-O 6. Be3 e5 7. d5 c5 8. Bd3 a6 9.
Nge2 Nbd7 10. g4 Qe7 11. Ng3 Ne8 12. Qd2 Kh8 13. h4 Rg8 14. O-O-O Bf8 15. g5 Ng7
16. h5 gxh5 17. Nxh5 Ne8 18. Rdg1 Rg6 19. f4 exf4 20. Bxf4 Ne5 21. Be2 f6 22.
Nd1 Qf7 23. Ng3 fxg5 24. Bxg5 Bg4 25. Rf1 Nf6 26. Nh5 Rxg5 27. Qxg5 Nxe4 28.
Qxe5+ dxe5 29. Rxf7 Bxe2 30. b3 Bh6+ 31. Kc2 Nd6 32. Rf6 Bxd1+ 33. Kxd1 Bf8 34.
Re6 Re8 35. Rxe8 Nxe8 36. Rf1 Kg8 37. Ke2 h6 38. Ke3 Be7 39. Ke4 Bd6 40. Nf6+
Kf8 41. Nd7+ Ke7 42. Nxe5 Nf6+ 43. Kf5 Bxe5 44. Kxe5 Nd7+ 45. Kf5 Kf7 46. Rh1
Kg7 47. Ke6 Nf6 48. Rg1+ {Black resigns} 1-0

[Event "Team 45 45 League T35"]
[Site "Internet Chess Club"]
[Date "2007.11.05"]
[Round "3"]
[White "bajerk"]
[Black "quotha"]
[Result "0-1"]
[WhiteElo "1290"]
[BlackElo "1587"]
[Opening "Bishop's opening"]
[ECO "C23"]
[Time "14:59:24"]
[TimeControl "2700+45"]

1. e4 e5 2. Bc4 Be7 3. Nc3 Nf6 4. d3 O-O 5. h3 c6 6. a3 d5 7. exd5 cxd5 8. Ba2
Nc6 9. Bg5 Be6 10. Qd2 d4 11. Bxe6 fxe6 12. Nce2 Nd5 13. Bxe7 Qxe7 14. O-O-O
Rxf2 15. Nf3 Ne3 16. Rdg1 Rc8 17. Qe1 Rxg2 18. Rxg2 Nxg2 19. Qg3 Ne3 20. Nxe5
Nxe5 21. Qxe5 Rxc2+ 22. Kb1 Rxe2 23. Qxd4 b6 24. Rc1 Nd5 25. Rc8+ Kf7 26. Rh8
Qc5 27. Qa4 Nc3+ 28. bxc3 Qg1+ {White resigns} 0-1

[Event "Team 45 45 League T35"]
[Site "Internet Chess Club"]
[Date "2007.11.04"]
[Round "3"]
[White "xakelari"]
[Black "mdeluca"]
[Result "1-0"]
[WhiteElo "2091"]
[BlackElo "1904"]
[Opening "Sicilian: closed"]
[ECO "B24"]
[Time "09:02:04"]
[TimeControl "2700+45"]

1. e4 c5 2. Nc3 Nc6 3. g3 g6 4. Bg2 Bg7 5. d3 Nf6 6. f4 d6 7. Nf3 Bg4 8. h3 Bxf3
9. Qxf3 O-O 10. O-O Nd4 11. Qf2 Rb8 12. Be3 Nd7 13. Nd1 b5 14. c3 Nc6 15. d4 Qb6
16. d5 Na5 17. b3 Qc7 18. Rc1 Nb7 19. g4 a5 20. a3 c4 21. b4 axb4 22. axb4 Ra8
23. Bd4 Bxd4 24. Qxd4 Qb6 25. Qxb6 Nxb6 26. Rf2 Ra3 27. Rfc2 Rfa8 28. Kf2 Ra2
29. Ke2 R8a3 30. Kd2 f6 31. h4 Na4 32. g5 Nd8 33. Bh3 Kg7 34. Bd7 h6 35. Bxb5
hxg5 36. hxg5 Nb6 37. gxf6+ exf6 38. Ne3 Nf7 39. Nxc4 Nxc4+ 40. Bxc4 Rxc2+ 41.
Kxc2 g5 42. fxg5 fxg5 43. Kb2 Ra7 44. Be2 Ne5 45. Rg1 Kf6 46. Kb3 Rg7 47. Bg4
Rh7 48. Bf5 Rh4 49. b5 Rf4 50. Kb4 Nd3+ 51. Kc4 Nc5 52. b6 Nxe4 53. Bxe4 Rxe4+
54. Kb5 {Black resigns} 1-0

[Event "Team 45 45 League T35"]
[Site "Internet Chess Club"]
[Date "2007.11.01"]
[Round "3"]
[White "Avedldesierto"]
[Black "Grenadier"]
[Result "1-0"]
[WhiteElo "1779"]
[BlackElo "1768"]
[Opening "Caro-Kann: Panov-Botvinnik attack, 5...e6"]
[ECO "B14"]
[Time "18:46:32"]
[TimeControl "2700+45"]

1. e4 c6 2. d4 d5 3. exd5 cxd5 4. c4 Nf6 5. Nc3 e6 6. Nf3 Bb4 7. cxd5 Nxd5 8.
Bd2 O-O 9. Bd3 b6 10. Nxd5 Bxd2+ 11. Qxd2 Qxd5 12. O-O Bb7 13. Rfe1 Qd8 14. Ng5
h6 15. Be4 Bxe4 16. Nxe4 Nd7 17. d5 exd5 18. Qxd5 Nc5 19. Qxd8 Rfxd8 20. Nxc5
bxc5 21. Kf1 f6 22. Rac1 Rac8 23. Re7 Rd2 24. Re2 Rxe2 25. Kxe2 a5 26. Rc4 Rb8
27. b3 Rb5 28. Kd3 Kf7 29. Kc3 Rb6 30. Rxc5 Ra6 31. a3 Ke6 32. Kc4 Kd6 33. Kb5
Ra8 34. Rc6+ Kd5 35. Ra6 Rb8+ 36. Ka4 Kd4 37. Rxa5 Kd3 38. Rc5 Ra8+ 39. Kb4 Rb8+
40. Rb5 Rc8 41. Rc5 Rb8+ 42. Ka4 Ra8+ 43. Ra5 Rb8 44. b4 Kc3 45. Rc5+ Kb2 46. b5
Ra8+ 47. Kb4 Rb8 48. a4 Rd8 49. b6 Rd3 50. a5 Rb3+ 51. Kc4 Rc3+ 52. Kb5 Rb3+ 53.
Kc6 Ka3 54. b7 Ka4 55. Kc7 {Black resigns} 1-0

[Event "Team 45 45 League T35"]
[Site "Internet Chess Club"]
[Date "2007.11.03"]
[Round "3"]
[White "logicg8"]
[Black "egd01"]
[Result "1/2-1/2"]
[WhiteElo "1748"]
[BlackElo "1591"]
[Opening "two knights defense: Lolli attack"]
[ECO "C57"]
[Time "12:17:40"]
[TimeControl "2700+45"]

1. e4 e5 2. Nf3 Nc6 3. Bc4 Nf6 4. Ng5 d5 5. exd5 Nxd5 6. d4 h6 7. Nxf7 Kxf7 8.
Qf3+ Ke8 9. Bxd5 Qf6 10. Bxc6+ bxc6 11. Qxf6 gxf6 12. dxe5 fxe5 13. O-O Bd6 14.
Nc3 Bf5 15. Re1 Kd7 16. Re2 Rae8 17. Be3 a6 18. Rd1 Kc8 19. Na4 e4 20. h3 h5 21.
Kh1 Be5 22. c3 Rd8 23. Bd4 Rhg8 24. Nc5 Rg6 25. Nxe4 Bxe4 26. Rxe4 Bd6 27. f3
Rdg8 28. g4 Rf8 29. Kg2 hxg4 30. hxg4 Rh6 31. Bg7 Rh2+ 32. Kg1 Rxf3 33. Rxd6
Rff2 34. Rh6 Rhg2+ 35. Kh1 Rxb2 36. a4 Rgc2 37. Re1 Ra2 38. g5 Rxa4 39. g6 Rg4
40. Bf8 Rcg2 41. g7 Kd7 42. Rh2 R2g3 43. Rh7 Kc8 44. Rh8 Kd7 45. Re7+ Kc8 46.
Re2 Kd7 {Game drawn by mutual agreement} 1/2-1/2

[Event "Team 45 45 League T35"]
[Site "Internet Chess Club"]
[Date "2007.11.04"]
[Round "3"]
[White "Vannak1"]
[Black "A-Ru"]
[Result "0-1"]
[WhiteElo "1733"]
[BlackElo "1879"]
[Opening "French: MacCutcheon, Bernstein variation"]
[ECO "C12"]
[Time "18:02:02"]
[TimeControl "2700+45"]

1. e4 e6 2. d4 d5 3. Nc3 Nf6 4. Bg5 Bb4 5. e5 h6 6. Bh4 g5 7. exf6 gxh4 8. Qf3
Nd7 9. O-O-O Nxf6 10. Bb5+ Bd7 11. Bxd7+ Nxd7 12. Nh3 Qf6 13. Nf4 O-O-O 14. a3
Bd6 15. g3 hxg3 16. fxg3 h5 17. Nb5 Bxf4+ 18. gxf4 a6 19. Nc3 Qh6 20. Kb1 f5 21.
h4 Nf6 22. Rde1 Ne4 23. Rhg1 Nd2+ {White resigns} 0-1

[Event "Team 45 45 League T35"]
[Site "Internet Chess Club"]
[Date "2007.11.03"]
[Round "3"]
[White "Kingofknights"]
[Black "Kalhalla"]
[Result "1-0"]
[WhiteElo "1716"]
[BlackElo "1874"]
[Opening "King's Indian: Sämisch, 6...Nc6"]
[ECO "E83"]
[Time "08:57:52"]
[TimeControl "2700+45"]

1. d4 Nf6 2. c4 g6 3. Nc3 Bg7 4. e4 d6 5. f3 O-O 6. Be3 Nc6 7. Bd3 a6 8. Nge2
Rb8 9. O-O e5 10. d5 Nb4 11. Bb1 a5 12. a3 Na6 13. Bc2 Nd7 14. Rb1 f5 15. exf5
gxf5 16. f4 Qh4 17. b4 axb4 18. axb4 Rf7 19. Rf3 Qf6 20. Rg3 Kf8 21. Qd2 e4 22.
Bd4 Qe7 23. Ba4 Nf6 24. Qe3 Ng4 25. Qc1 Bxd4+ 26. Nxd4 Qh4 27. Nce2 Qxh2+ 28.
Kf1 Qh1+ 29. Ng1 Qh4 30. Nge2 Rg7 31. Qe1 Ne3+ 32. Kg1 Nxc4 33. Rbb3 Nb6 34. Bb5
Nxd5 35. Qa1 Rxg3 36. Rxg3 Qf6 37. Bc4 Naxb4 38. Qa7 Nxf4 39. Nxf4 Nc6 40. Nxc6
bxc6 41. Rg8+ Ke7 42. Qxc7+ Bd7 43. Qxb8 Qd4+ 44. Kh2 Kf6 45. Nh5+ Ke5 46. Re8+
{Black resigns} 1-0

[Event "Team 45 45 League T35"]
[Site "Internet Chess Club"]
[Date "2007.10.31"]
[Round "3"]
[White "MindRide"]
[Black "Ernie1"]
[Result "1-0"]
[WhiteElo "1736"]
[BlackElo "1630"]
[Opening "Caro-Kann: advance variation"]
[ECO "B12"]
[Time "18:22:58"]
[TimeControl "2700+45"]

1. e4 c6 2. d4 d5 3. e5 Bf5 4. Nf3 e6 5. Be2 Nd7 6. O-O c5 7. c3 cxd4 8. cxd4
Bxb1 9. Rxb1 Bb4 10. a3 Ba5 11. b4 Bb6 12. Qb3 Ne7 13. a4 Nf5 14. Be3 Nxe3 15.
fxe3 O-O 16. a5 Bc7 17. Rfc1 f6 18. exf6 Nxf6 19. Ng5 Qd6 20. Rxc7 Qxc7 21. Nxe6
Qe7 22. Nxf8 Rxf8 23. Bf3 Ne4 24. Qxd5+ {Black resigns} 1-0

[Event "Team 45 45 League T35"]
[Site "Internet Chess Club"]
[Date "2007.11.03"]
[Round "3"]
[White "Rookmaster"]
[Black "Invicta-Knight"]
[Result "0-1"]
[WhiteElo "1647"]
[BlackElo "1575"]
[Opening "Scandinavian (center counter) defense"]
[ECO "B01"]
[Time "14:10:27"]
[TimeControl "2700+45"]

1. e4 d5 2. exd5 Qxd5 3. d4 g6 4. c4 Qd8 5. Nc3 Bg7 6. Be3 Nf6 7. Qd2 Ng4 8.
O-O-O Nxe3 9. fxe3 Nc6 10. Nf3 a6 11. Be2 O-O 12. Ne4 Bf5 13. Nf2 Qc8 14. h3 Rd8
15. g4 Bd7 16. g5 Na7 17. h4 Ba4 18. b3 Be8 19. h5 b5 20. hxg6 fxg6 21. Ne4 bxc4
22. Bxc4+ Bf7 23. Bxf7+ Kxf7 24. Rxh7 Rh8 25. Ne5+ Kg8 26. Rxh8+ Bxh8 27. Nxg6
Qe6 28. Nxh8 Qxe4 29. Qh2 Qxe3+ 30. Kb2 Rf8 31. Rd2 Nb5 32. Qh3 Qxd2+ 33. Kb1
Qd1+ 34. Kb2 Rf2# {White checkmated} 0-1

[Event "Team 45 45 League T35"]
[Site "Internet Chess Club"]
[Date "2007.11.03"]
[Round "3"]
[White "crag"]
[Black "beerss"]
[Result "0-1"]
[WhiteElo "1310"]
[BlackElo "1351"]
[Opening "Scandinavian: Marshall variation"]
[ECO "B01"]
[Time "10:54:11"]
[TimeControl "2700+45"]

1. e4 d5 2. exd5 Nf6 3. d4 Nxd5 4. Bc4 Nc6 5. Nf3 Bg4 6. c3 e6 7. h3 Bh5 8. O-O
Bd6 9. Bg5 Be7 10. Bxe7 Ncxe7 11. Qd3 Bg6 12. Qd1 Bh5 13. Be2 Nf4 14. Bc4 Ned5
15. Re1 O-O 16. Re5 c6 17. Kh2 Qf6 18. g3 Bxf3 19. Qxf3 Ng6 20. Qxf6 Nxf6 21.
Re2 Rad8 22. Nd2 h6 23. Ne4 Nxe4 24. Rxe4 Ne7 25. Bb3 Nf5 26. Rd1 Nd6 27. Re2
Nf5 28. g4 Ne7 29. Red2 Ng6 30. c4 Nf4 31. Kg3 Ng6 32. d5 exd5 33. cxd5 cxd5 34.
Bxd5 Rb8 35. Be4 Ne5 36. b3 a5 37. Rd5 Nc6 38. Rd7 Nb4 39. a3 Na2 40. R7d3 Rbc8
41. Bxb7 Rc7 42. Be4 Rc3 43. Rxc3 Nxc3 44. Rd4 Ne2+ {White resigns} 0-1

[Event "Team 45 45 League T35"]
[Site "Internet Chess Club"]
[Date "2007.11.02"]
[Round "3"]
[White "knight2f3"]
[Black "t-hobbes"]
[Result "1-0"]
[WhiteElo "1298"]
[BlackElo "1266"]
[Opening "Giuoco Piano"]
[ECO "C50"]
[Time "19:02:46"]
[TimeControl "2700+45"]

1. e4 e5 2. Nf3 Nc6 3. Bc4 Bc5 4. O-O Nf6 5. Re1 O-O 6. c3 d5 7. exd5 Nxd5 8.
Nxe5 Nxe5 9. d4 Nxc4 10. dxc5 c6 11. Qe2 Na5 12. b4 Re8 13. Qxe8+ Qxe8 14. Rxe8#
{Black checkmated} 1-0